 Dungeon Crawl Stone Soup version 0.28.0 (webtiles) character file.

Game seed: 9077380269819399819

236507 Morbidden the Warrior (level 18, 0/168 HPs)
             Began as a Minotaur Fighter on Feb 11, 2022.
             Was a High Priest of Cheibriados.
             Slain by an ironbound frostheart (21 damage)
             ... led by a vault warden
             ... on level 1 of the Vaults.
             The game lasted 01:13:42 (45261 turns).

Morbidden the Warrior (Minotaur Fighter)           Turns: 45261, Time: 01:13:43

Health: 0/168      AC: 20    Str: 38 (41) XL:     18   Next: 50%
Magic:  0/36       EV: 26    Int: 22 (24) God:    Cheibriados [*****.]
Gold:   2116       SH:  0    Dex: 29      Spells: 26/31 levels left

rFire   + . .      SeeInvis +   b - +4 great mace (venom)
rCold   . . .      Faith    .   (shield currently unavailable)
rNeg    . . .      Spirit   +   O - +0 swamp dragon scales
rPois   +          Reflect  .   (helmet restricted)
rElec   .          Harm     .   K - +0 cloak
rCorr   .          Rampage  .   H - +0 pair of gloves {Dex+3}
Will    +....                   T - +0 pair of boots
Stlth   ++........              o - amulet "Hetsuf" {Spirit Int+5}
HPRegen 0.38/turn               L - ring of see invisible
MPRegen 0.25/turn               A - ring "Zenotaydgh" {rF+ MP+9 AC+4}

@: studying Air Magic, very slow
A: horns 2, retaliatory headbutt
}: 2/15 runes: decaying, gossamer
a: Renounce Religion, Bend Time, Temporal Distortion, Slouch, Step From Time


You were on level 1 of the Vaults.
You worshipped Cheibriados.
Cheibriados was extremely pleased with you.
You visited 8 branches of the dungeon, and saw 35 of its levels.
You visited the Abyss 1 time.
You visited 1 bazaar.

You collected 3389 gold pieces.
You spent 1273 gold pieces at shops.

Inventory:

Hand Weapons
 a - a +3 longbow of flaming
 b - a +4 great mace of venom (weapon)
 m - a +1 vorpal battleaxe
 U - a +0 arbalest
Missiles
 f - 26 poisoned darts (quivered)
 i - 5 javelins
 k - 27 boomerangs
 n - 289 bolts
 v - 860 arrows
 M - 5 curare-tipped darts
 Z - a throwing net
Armour
 H - a +0 pair of gloves of dexterity (worn)
 K - a +0 cloak (worn)
 O - +0 swamp dragon scales (worn)
 T - a +0 pair of boots (worn)
 X - +0 fire dragon scales
Jewellery
 o - the amulet "Hetsuf" (around neck) {Spirit Int+5}
   (You found it on level 1 of the Lair of Beasts)

   [amulet of guardian spirit]

   It causes incoming damage to be divided between your reserves of health and
   magic.
   Int:       It affects your intelligence (+5).
 r - a +4 ring of evasion
 y - a ring of fire
 A - the ring "Zenotaydgh" (right hand) {rF+ MP+9 AC+4}
   (You acquired it on level 6 of the Lair of Beasts)

   [ring of protection]

   AC:        It affects your AC (+4).
   rF:        It protects you from fire.
   MP:        It affects your magic capacity (+9).
 L - a ring of see invisible (left hand)
Wands
 c - a wand of acid (3)
 B - a wand of polymorph (7)
 C - a wand of iceblast (16)
 I - a wand of digging (17)
 J - a wand of flame (13)
 R - a wand of mindburst (6)
 Y - a wand of paralysis (8)
Scrolls
 g - 6 scrolls of teleportation
 j - 11 scrolls of identify
 l - 2 scrolls of immolation
 p - 5 scrolls of enchant armour
 q - 2 scrolls of blinking
 s - 4 scrolls of fog
 F - 2 scrolls of magic mapping
 G - 2 scrolls of holy word
 P - 3 scrolls of enchant weapon
Potions
 d - 6 potions of might
 e - 3 potions of curing
 h - 2 potions of heal wounds
 t - 3 potions of brilliance
 w - 3 potions of mutation
 x - 3 potions of berserk rage
 D - 5 potions of cancellation
 E - a potion of resistance
 N - a potion of invisibility
 Q - 4 potions of lignification
 S - a potion of magic
 V - 2 potions of ambrosia
 W - 2 potions of flight
Miscellaneous
 u - a tin of tremorstones (2/2)


   Skills:
 * Level 16.7 Fighting
 * Level 15.4(17.8) Axes
 + Level 14.8(17.5) Maces & Flails
 + Level 8.1 Bows
 * Level 7.1 Crossbows
 + Level 4.9 Throwing
 * Level 14.5 Armour
 * Level 13.9 Dodging
 + Level 2.3 Stealth
 + Level 9.7 Shields
 * Level 7.1 Spellcasting
 * Level 2.0 Fire Magic
 * Level 11.4 Invocations
 + Level 0.3 Evocations


You had 26 spell levels left.
You knew the following spells:

 Your Spells              Type           Power      Damage    Failure   Level
a - Fireball              Conj/Fire      6%         3d5       88%         5

Your spell library contained the following spells:

 Spells                   Type           Power      Damage    Failure   Level
 Beastly Appendage        Tmut           14%        N/A       10%         1
 Sandblast                Erth           14%        2d6       10%         1
 Summon Small Mammal      Summ           28%        N/A       10%         1
 Passwall                 Tmut/Erth      5%         N/A       16%         2
 Wereblood                Tmut           7%         N/A       16%         2
 Call Canine Familiar     Summ           7%         N/A       30%         3
 Dazzling Flash           Conj/Hex       14%        N/A       30%         3
 Ozocubu's Armour         Ice            7%         N/A       30%         3
 Portal Projectile        Hex/Tloc       14%        N/A       30%         3
 Spider Form              Tmut/Pois      7%         N/A       30%         3
 Stone Arrow              Conj/Erth      14%        3d7       30%         3
 Summon Guardian Golem    Hex/Summ       7%         N/A       30%         3
 Agony                    Necr           7%         N/A       95%         5
 Alistair's Intoxication  Tmut/Pois      4%         N/A       95%         5
 Blade Hands              Tmut           3%         N/A       95%         5
 Borgnjor's Vile Clutch   Necr/Erth      3%         N/A       95%         5
 Excruciating Wounds      Necr           3%         N/A       95%         5
 Metabolic Englaciation   Hex/Ice        3%         N/A       95%         5
 Silence                  Hex/Air        3%         N/A       95%         5
 Eringya's Noxious Bog    Tmut/Pois      3%         N/A       100%        6
 Simulacrum               Ice/Necr       3%         N/A       100%        6
 Starburst                Conj/Fire      6%         6d4       100%        6
 Ozocubu's Refrigeration  Ice            3%         4d5       100%        7
 Ignition                 Fire           8%         3d5       100%        8


Dungeon Overview and Level Annotations

Branches:
Dungeon (15/15)            Temple (1/1) D:6            Lair (6/6) D:9
  Swamp (4/4) Lair:2       Spider (4/4) Lair:2        Slime (0/5) Lair:6
    Orc (2/2) D:10            Elf (2/3) Orc:2        Vaults (1/5) D:13
 Depths (0/4) D:15

Altars:
Ashenzari
Cheibriados
Dithmenos
Elyvilon
Fedhas
Gozag
Hepliaklqana
Kikubaaqudgha
Makhleb
Nemelex Xobeh
Okawaru
Qazlal
Ru
Sif Muna
Trog
Uskayaw
Vehumet
Wu Jian
Xom
Yredelemnul
Zin
The Shining One
Beogh
Jiyva
Lugonu

Shops:
D:14 *   Orc:1 *   Orc:2 !:[:

Portals:
Abyss: Lair:6

Annotations:
D:2 1 runed translucent door, Crazy Yiuf
D:13 exclusion: 2 oklob plants
D:14 Roxanne
Elf:2 1 runed translucent door, P0WERM0DE's ghost, journeyman DsCK


Innate Abilities, Weirdness & Mutations

You have a pair of horns on your head.
You reflexively headbutt those who attack you in melee.


Message History

The ice encasing you melts away. The ironbound frostheart misses you.
You furiously retaliate!
You headbutt the ironbound frostheart, but do no damage.
The slime creature hits you but does no damage.
The ironbound frostheart completely misses you.
You furiously retaliate!
You headbutt the ironbound frostheart. The slime creature hits you!
* * * LOW HITPOINT WARNING * * *
The ironbound frostheart touches you!
* * * LOW HITPOINT WARNING * * *
The ironbound frostheart freezes you!
* * * LOW HITPOINT WARNING * * *
Unknown command.
You barely miss the ironbound frostheart.
You headbutt the ironbound frostheart!
The ironbound frostheart is heavily wounded.
The slime creature barely misses you.
Unknown command.
Unknown command.
You barely miss the ironbound frostheart.
The ironbound frostheart is heavily wounded.
The ironbound frostheart completely misses you.
The slime creature hits you!
* * * LOW HITPOINT WARNING * * *
Unknown command.
Unknown command.
You hit the ironbound frostheart but do no damage.
The ironbound frostheart is poisoned.
You headbutt the ironbound frostheart!
The ironbound frostheart is heavily wounded.
The ironbound frostheart closely misses you.
The slime creature closely misses you.
Unknown command.
Unknown command.
You closely miss the ironbound frostheart.
Your headbutt misses the ironbound frostheart.
The ironbound frostheart is heavily wounded.
The ironbound frostheart touches you!
* * * LOW HITPOINT WARNING * * *
The ironbound frostheart freezes you!!
You die...

#..(........#
#....).....(#
#...........#
#...........+
#######........####
...............#
!..............#
########pJ......#
#...)..#.@......#
#......#†.......#
#......#........#
#......#........#
#...∩).'........#
#...††.#........#
#......#........#
#......#.........
#......#.........


You could see a slime creature and an ironbound frostheart (very poisoned).

Vanquished Creatures
  the Lernaean hydra (Swamp:3)
  Bai Suzhen (Spider:3)
  Arachne (Spider:2)
  Jorgrun (D:14)
  Rupert (D:15)
  Mlioglotl (Spider:1)
  Frances (D:13)
  2 thorn hunters
  4 ghost moths
  A vault warden (Vaults:1)
  6 emperor scorpions
  3 orc warlords
  3 broodmothers
  An ironbound preserver (Vaults:1)
  Nessos (D:13)
  A stone giant (D:15)
  A deep elf demonologist (Elf:1)
  3 entropy weavers
  2 bunyips (Swamp:1)
  5 eleionomae
  5 spark wasps
  Snorg (Lair:5)
  Josephine (D:15)
  A shambling mangrove (Swamp:4)
  A fire dragon (D:14)
  6 boulder beetles
  4 ogre magi (Orc:2)
  2 ghost crabs (Swamp:2)
  17 hydras
  A jorogumo (Spider:4)
  3 vault guards
  6 centaur warriors
  Erica (D:10)
  A death knight (D:11)
  21 dancing weapons
  9 alligators
  2 two-headed ogres
  A two-headed ogre (shapeshifter) (Lair:6)
  4 tengu warriors
  4 thrashing horrors (Lair:6)
  8 deep elf knights
  Sonja (Lair:4)
  3 pharaoh ants
  12 skeletal warriors (D:15)
  4 goliath frogs
  3 deep trolls (Vaults:1)
  A sun moth (Spider:4)
  6 spriggan druids
  3 large abominations
  5 steelbarb worms
  10 swamp dragons
  6 orb spiders
  A bog body (Swamp:2)
  6 lindwurms
  An orc knight (Orc:2)
  8 orc sorcerers (Orc:2)
  4 deep elf archers (Elf:2)
  A wizard (D:15)
  15 deep elf pyromancers
  22 deep elf zephyrmancers
  18 wolf spiders
  11 ugly things
  2 moths of wrath
  2 manticores
  2 will-o-the-wisps (Swamp:1)
  3 cyclopes
  11 elephants
  4 black mambas
  Joseph (Lair:1)
  Maurice (D:13)
  11 cane toads
  5 torpor snails
  A gargoyle (D:12)
  A kobold demonologist (D:12)
  9 demonic crawlers
  An efreet (D:12)
  3 komodo dragons
  A polar bear (Lair:4)
  2 ancient zymes (Lair:6)
  9 meliai
  8 tyrant leeches
  4 trolls
  16 hornets
  Grinder (D:5)
  12 blink frogs (Lair:6)
  A bloated husk (Swamp:2)
  34 tarantellas
  15 slime creatures
  21 jumping spiders
  An air elemental (Elf:1)
  A spriggan (shapeshifter) (D:10)
  17 culicivoras
  3 shadows
  2 ynoxinuls (Lair:6)
  A human (shapeshifter) (D:14)
  2 water elementals
  2 wyverns
  5 wraiths
  35 yaks
  12 small abominations (Lair:6)
  6 spriggans
  A fire elemental (Elf:1)
  5 basilisks
  A yak (shapeshifter) (Lair:6)
  A chaos spawn (Lair:6)
  26 redbacks
  6 vampire mosquitoes
  9 humans (D:13)
  16 swamp worms
  8 wargs
  2 acid dragons
  14 water moccasins
  Duvessa (D:6)
  A floating eye (D:13)
  A hornet zombie (D:8)
  4 swamp drakes
  4 black bears
  A sky beast (D:8)
  28 orc warriors
  A necrophage (D:7)
  17 centaurs
  A wolf (shapeshifter) (Lair:6)
  7 ogres
  21 wolves
  10 bullfrogs
  A gnoll sergeant (D:7)
  7 scorpions
  Dowan (D:6)
  6 killer bees
  A water moccasin skeleton (D:2)
  5 howler monkeys
  2 electric eels
  2 jellies
  2 centaur zombies
  20 orc priests
  A hound (D:5)
  A bullfrog zombie (D:7)
  A centaur skeleton (D:7)
  Jessica (D:2)
  42 orc wizards
  5 iguanas
  A killer bee zombie (D:7)
  A howler monkey zombie (D:9)
  8 adders
  A white imp (D:4)
  An ufetubus (D:5)
  An adder skeleton (D:4)
  8 worms
  A dart slug (D:2)
  82 orcs
  4 ball pythons
  6 endoplasms
  3 giant cockroaches
  7 goblins
  A hobgoblin (D:3)
  3 jackals (D:5)
  A quokka (D:2)
  4 bats
  2 frilled lizards
  4 kobolds
  6 rats
  A spectral orc (D:4)
978 creatures vanquished.

Vanquished Creatures (others)
  A deep elf knight (Elf:2)
  A bloated husk (Swamp:3)
  A human (D:13)
  An orc wizard (Orc:2)
  24 foxfires (Swamp:1)
  22 fungi
  31 plants
81 creatures vanquished.

Grand Total: 1059 creatures vanquished

Notes
Turn   | Place    | Note
-------+----------+-------------------------------------------
     0 | D:1      | Morbidden the Minotaur Fighter began the quest for the Orb.
     0 | D:1      | Reached XP level 1. HP: 19/19 MP: 0/0
   368 | D:1      | Found a faded altar of an unknown god.
   524 | D:1      | Reached XP level 2. HP: 27/27 MP: 1/1
   591 | D:2      | Reached skill level 4 in Fighting
   757 | D:2      | Reached skill level 1 in Dodging
   757 | D:2      | Reached XP level 3. HP: 21/33 MP: 2/2
   868 | D:2      | Reached XP level 4. HP: 41/41 MP: 3/3
  1057 | D:2      | Noticed Jessica
  1065 | D:2      | Killed Jessica
  1166 | D:2      | Found an ancient bone altar of Kikubaaqudgha.
  1509 | D:2      | Found a runed translucent door.
  1510 | D:2      | Noticed Crazy Yiuf
  1540 | D:3      | Noticed an ogre
  1568 | D:3      | Identified the +1 ring mail "Cuunius" {rPois Int+3}
  1600 | D:3      | Killed an ogre
  1601 | D:3      | Reached XP level 5. HP: 24/47 MP: 4/4
  1856 | D:3      | Identified the +4 hunting sling of Havoc {vorpal, Contam
                  | rPois Dex+2}
  2177 | D:3      | Reached skill level 5 in Axes
  2177 | D:3      | Reached skill level 1 in Maces & Flails
  2177 | D:3      | Reached XP level 6. HP: 55/55 MP: 5/5
  2314 | D:4      | Found a basalt altar of Yredelemnul.
  2573 | D:4      | Found a white marble altar of Elyvilon.
  2780 | D:5      | Entered Level 5 of the Dungeon
  2806 | D:5      | Noticed Grinder
  2812 | D:5      | Killed Grinder
  2813 | D:5      | Reached skill level 5 in Fighting
  2813 | D:5      | Reached skill level 5 in Armour
  2815 | D:5      | Reached XP level 7. HP: 47/61 MP: 6/6
  3227 | D:5      | Found a sacrificial altar of Ru.
  3259 | D:5      | Reached XP level 8. HP: 31/70 MP: 7/7
  3441 | D:5      | Reached skill level 5 in Shields
  3637 | D:6      | Noticed Dowan
  3637 | D:6      | Noticed Duvessa
  3648 | D:6      | Killed Duvessa
  3649 | D:6      | Reached skill level 6 in Fighting
  3649 | D:6      | Reached skill level 1 in Throwing
  3652 | D:6      | Killed Dowan
  3902 | D:6      | Found a staircase to the Ecumenical Temple.
  3908 | Temple   | Entered the Ecumenical Temple
  3952 | Temple   | Became a worshipper of Cheibriados the Contemplative
  4337 | D:6      | Reached skill level 5 in Maces & Flails
  4584 | D:7      | Reached skill level 1 in Invocations
  4769 | D:7      | Reached XP level 9. HP: 67/78 MP: 9/9
  4808 | D:7      | Reached * piety under Cheibriados
  4916 | D:7      | Reached skill level 7 in Fighting
  5363 | D:7      | Reached skill level 5 in Dodging
  5646 | D:8      | Noticed a two-headed ogre
  5655 | D:8      | Killed a two-headed ogre
  5662 | D:8      | Reached XP level 10. HP: 69/86 MP: 11/11
  5846 | D:8      | Reached ** piety under Cheibriados
  6131 | D:8      | Found a bloodstained altar of Trog.
  6131 | D:8      | Found an iron altar of Okawaru.
  6591 | D:9      | Reached skill level 8 in Fighting
  6629 | D:9      | Noticed an elephant
  6652 | D:9      | Killed an elephant
  6918 | D:9      | Found a staircase to the Lair.
  6938 | D:9      | Found an ornate altar of the Wu Jian Council.
  7298 | D:9      | Found an opulent altar of Gozag.
  7322 | D:9      | Found a glowing silver altar of Zin.
  7756 | D:9      | Found a blossoming altar of Fedhas.
  7792 | D:10     | Entered Level 10 of the Dungeon
  7792 | D:10     | Noticed Erica
  7802 | D:10     | Killed Erica
  7803 | D:10     | Reached skill level 5 in Invocations
  7859 | D:10     | Reached XP level 11. HP: 95/95 MP: 13/13
  7952 | D:10     | Found a staircase to the Orcish Mines.
  7996 | D:10     | Found a hide-covered altar of Uskayaw.
  8153 | D:10     | Reached *** piety under Cheibriados
  8227 | D:10     | Reached skill level 9 in Fighting
  8381 | Lair:1   | Entered Level 1 of the Lair of Beasts
  8410 | Lair:1   | Identified the amulet "Hetsuf" {Spirit Int+5}
  8479 | Lair:1   | Noticed a five-headed hydra
  8485 | Lair:1   | Killed a five-headed hydra
  8600 | Lair:1   | Noticed Joseph
  8614 | Lair:1   | Killed Joseph
  8625 | Lair:1   | Reached skill level 1 in Spellcasting
  8631 | Lair:1   | HP: 4/97 [yak (7)]
  8999 | Lair:1   | Reached **** piety under Cheibriados
  9858 | Lair:2   | Noticed an eight-headed hydra
  9867 | Lair:2   | Killed an eight-headed hydra
  9868 | Lair:2   | Reached skill level 1 in Stealth
 10106 | Lair:2   | Found a staircase to the Swamp.
 10149 | Lair:2   | Reached skill level 10 in Fighting
 10196 | Lair:2   | Found a hole to the Spider Nest.
 10199 | Lair:2   | Noticed a six-headed hydra
 10211 | Lair:2   | Killed a six-headed hydra
 10287 | Lair:2   | Reached skill level 10 in Axes
 10305 | Lair:2   | Reached XP level 12. HP: 82/106 MP: 15/15
 10798 | Spider:1 | Entered Level 1 of the Spider Nest
 10924 | Lair:3   | Reached ***** piety under Cheibriados
 10979 | Lair:3   | Noticed a five-headed hydra
 10992 | Lair:3   | Killed a five-headed hydra
 11322 | Lair:3   | Reached skill level 10 in Maces & Flails
 11343 | Lair:3   | Reached skill level 10 in Armour
 12134 | Lair:4   | Noticed a four-headed hydra
 12147 | Lair:4   | Killed a four-headed hydra
 12184 | Lair:4   | You are sucked into a shaft and drop 2 floors!
 12184 | Lair:6   | Entered Level 6 of the Lair of Beasts
 12523 | Lair:6   | Found a viscous altar of Jiyva.
 12552 | Lair:6   | Reached skill level 11 in Fighting
 12568 | Lair:6   | Reached XP level 13. HP: 49/116 MP: 17/17
 12632 | Lair:6   | Found a staircase to the Slime Pits.
 13294 | Lair:4   | Noticed Sonja
 13297 | Lair:4   | Cast into level 2 of the Abyss (Sonja)
 13300 | Abyss:2  | Found a corrupted altar of Lugonu.
 13321 | Abyss:2  | Noticed a starcursed mass
 13373 | Lair:4   | Escaped the Abyss
 13375 | Lair:4   | Killed Sonja
 13729 | Lair:5   | Noticed Snorg
 13744 | Lair:5   | Killed Snorg
 14818 | Lair:6   | Identified a scroll of acquirement
 14818 | Lair:6   | Acquired a +2 demon whip of venom
 14964 | Lair:6   | Acquired the ring "Zenotaydgh" {rF+ MP+9 AC+4}
 15332 | Lair:6   | Reached ****** piety under Cheibriados
 15579 | Lair:6   | Found a corrupted altar of Lugonu.
 15579 | Lair:6   | Found a one-way gate to the infinite horrors of the Abyss.
 17221 | D:12     | Reached skill level 12 in Fighting
 17996 | D:13     | Reached XP level 14. HP: 95/126 MP: 19/19
 18240 | D:13     | Noticed Frances
 18250 | D:13     | Killed Frances
 18251 | D:13     | Reached skill level 10 in Dodging
 18498 | D:13     | Noticed Nessos
 18522 | D:13     | Killed Nessos
 19046 | D:13     | Found a gate to the Vaults.
 19095 | D:13     | Noticed Maurice
 19098 | D:13     | Killed Maurice
 19347 | D:13     | Reached skill level 1 in Bows
 19751 | D:14     | Found Wuvviette's General Store.
 19760 | D:14     | Bought a scroll of teleportation for 51 gold pieces
 19950 | D:14     | Noticed Jorgrun
 19983 | D:14     | Killed Jorgrun
 20314 | D:14     | Reached skill level 13 in Fighting
 20940 | D:14     | Identified Roxanne's Guide on the Mountains
 20940 | D:14     | Noticed Roxanne
 21142 | D:15     | Entered Level 15 of the Dungeon
 21859 | D:15     | Reached skill level 5 in Spellcasting
 21860 | D:15     | Noticed Rupert
 21887 | D:15     | Killed Rupert
 22343 | D:15     | Noticed Josephine
 22352 | D:15     | Killed Josephine
 22353 | D:15     | Reached XP level 15. HP: 88/135 MP: 20/21
 22944 | D:15     | Found a staircase to the Depths.
 23823 | D:13     | Paralysed by a floating eye for 4 turns
 23910 | Orc:1    | Entered Level 1 of the Orcish Mines
 24135 | Orc:1    | You fall into a shaft and drop 1 floor!
 24135 | Orc:2    | Entered Level 2 of the Orcish Mines
 24147 | Orc:2    | Noticed an orc warlord
 24164 | Orc:2    | Killed an orc warlord
 24643 | Orc:1    | Found Ecwe's Assorted Antiques.
 24654 | Orc:1    | Noticed an orc warlord
 24663 | Orc:1    | Killed an orc warlord
 24741 | Orc:1    | Bought a clouded copper ring for 140 gold pieces
 24741 | Orc:1    | Identified the ring of Pycunely {Fire rPois Int+4} (You
                  | bought it in a shop on level 1 of the Orcish Mines)
 25207 | Orc:2    | Found a staircase to the Elven Halls.
 25324 | Orc:2    | Noticed an orc warlord
 25335 | Orc:2    | Killed an orc warlord
 25339 | Orc:2    | Reached skill level 14 in Fighting
 25643 | Orc:2    | Reached skill level 5 in Bows
 25655 | Orc:2    | Found Tumyagh's Antique Armour Emporium.
 25715 | Orc:2    | Found Xuophiku's Book Shoppe.
 25763 | Orc:2    | Found an ancient bone altar of Kikubaaqudgha.
 25864 | Orc:2    | Found a radiant altar of Vehumet.
 25892 | Orc:2    | Paralysed by an orc sorcerer for 5 turns
 26084 | Orc:2    | Found Kufadok's Book Shoppe.
 26108 | Orc:2    | Found Ythieq's Distillery.
 26555 | Orc:2    | Bought 2 potions of heal wounds for 160 gold pieces
 26592 | Orc:2    | Bought a pair of embroidered gloves for 240 gold pieces
 26601 | Orc:2    | Bought a tiger eye-encrusted chain mail for 304 gold pieces
 26601 | Orc:2    | Identified the +1 chain mail of Heruus {rN+ Str+4} (You
                  | bought it in a shop on level 2 of the Orcish Mines)
 26773 | Swamp:1  | Entered Level 1 of the Swamp
 27742 | Swamp:1  | Noticed a thorn hunter
 27753 | Swamp:1  | Killed a thorn hunter
 28655 | Swamp:2  | Reached skill level 1 in Crossbows
 29494 | Swamp:3  | Reached XP level 16. HP: 143/147 MP: 23/23
 30487 | Swamp:4  | Entered Level 4 of the Swamp
 30500 | Swamp:4  | Noticed a thorn hunter
 30732 | Swamp:3  | Reached skill level 10 in Invocations
 31455 | Swamp:4  | Noticed the 27-headed Lernaean hydra
 31462 | Swamp:3  | Killed a thorn hunter
 31807 | Swamp:3  | HP: 7/147 [poisoned by a swamp dragon (poison gas)]
 31812 | Swamp:3  | HP: 6/147 [poisoned by a swamp dragon (poison gas)]
 32708 | Swamp:4  | Reached skill level 15 in Fighting
 33226 | Swamp:4  | Got a decaying rune of Zot
 33320 | Swamp:3  | Killed the 27-headed Lernaean hydra
 33530 | Elf:1    | Entered Level 1 of the Elven Halls
 33587 | Elf:1    | Found a flickering gateway to a bazaar.
 33595 | Bazaar   | Entered a bazaar
 33654 | Bazaar   | Found Niucerus's Antique Armour Emporium.
 33654 | Bazaar   | Found Oshrouc's Weapon Shoppe.
 33676 | Bazaar   | Found Vebocwav's Jewellery Emporium.
 33676 | Bazaar   | Found Joyvarghu's Weapon Shoppe.
 33698 | Bazaar   | Found Owociv's Jewellery Shoppe.
 33714 | Bazaar   | Found Weeret's Jewellery Emporium.
 33790 | Bazaar   | Bought the +3 arbalest "Impslayer" {venom, Int+7} for 378
                  | gold pieces
 33866 | Elf:1    | Paralysed by an air elemental for 1 turns
 33868 | Elf:1    | Paralysed by an air elemental for 1 turns
 33965 | Elf:1    | HP: 4/149 [deep elf zephyrmancer/bolt of lightning (23)]
 34374 | Elf:1    | You fall into a shaft and drop 1 floor!
 34520 | Elf:2    | Found a runed translucent door.
 35186 | Elf:2    | Found a runed translucent gate.
 35186 | Elf:2    | Found a runed translucent gate.
 35195 | Elf:2    | Found a runed translucent gate.
 35575 | Elf:2    | Found a shimmering altar of Xom.
 35575 | Elf:2    | Noticed P0WERM0DE's ghost (journeyman DsCK)
 35575 | Elf:2    | Identified the +8 dire flail "Cuarezeh" {chaos, rElec Str+7
                  | Stlth+}
 35906 | Elf:2    | Reached XP level 17. HP: 135/156 MP: 25/25
 36607 | Elf:2    | Reached skill level 5 in Crossbows
 38637 | Spider:1 | Noticed Mlioglotl
 38649 | Spider:1 | Killed Mlioglotl
 39599 | Spider:2 | Reached skill level 16 in Fighting
 39745 | Spider:2 | Noticed Arachne
 39766 | Spider:2 | Killed Arachne
 40576 | Spider:3 | Learned a level 5 spell: Fireball
 40784 | Spider:3 | Noticed Bai Suzhen
 40808 | Spider:3 | Killed Bai Suzhen
 42122 | Spider:4 | Entered Level 4 of the Spider Nest
 42139 | Spider:4 | Reached skill level 15 in Axes
 42144 | Spider:4 | Reached skill level 1 in Fire Magic
 42144 | Spider:4 | Reached XP level 18. HP: 122/166 MP: 25/27
 44542 | Spider:4 | Identified the -5 hat of Yhawoina {Int+4}
 44553 | Spider:4 | Got a gossamer rune of Zot
 44941 | Vaults:1 | Entered Level 1 of the Vaults
 45261 | Vaults:1 | Slain by an ironbound frostheart

Illustrated notes

Levels and vault maps discovered:
D:1:      minmay_arrival_four_circles, layout_basic,
          chequers_ecumenical_altar_grove
D:2:      layout_loops_cross, basic_altar, uniq_crazy_yiuf_cottage, uniq_jessica
D:3:      layout_basic
D:4:      layout_cave_pools, yredelemnul_forgotten_temple_becter,
          elyvilon_altar_4
D:5:      layout_basic, nicolae_ru_great_annihilating_truth, uniq_grinder
D:6:      layout_cave_pools, minmay_temple_entry_fiery, grunt_ministairs_5,
          chequers_big_river, uniq_duvessa
D:7:      minmay_opposing_rooms, layout_basic
D:8:      layout_loops_ring, grunt_temple_overflow_bloody_war,
          minmay_misc_feat_nine_boxes, minmay_manual_mares
D:9:      layout_layer_cave, nzn_wu_jian_council_hall, zin_academy,
          mainiacjoe_overflow_swirl, david_lair_generic
D:10:     layout_rooms, mainiacjoe_overflow_24_doors, orc_0_dummy, uniq_erica
D:11:     layout_roguey
D:12:     layout_layer_cave, serial_glass, glass_columns_a, glass_columns_b,
          minmay_misc_feat_five
D:13:     layout_big_octagon, ximxim_vaults_locker_room, disabler_island,
          uniq_frances, uniq_nessos, uniq_maurice
D:14:     layout_basic, serial_shops, shop, chequers_serial_rivers_small_b,
          serial_corexii_hall, corexii_hall_statues_i, corexii_hall_statues_t,
          uniq_jorgrun, uniq_roxanne
D:15:     grunt_enter_depths_snipers, layout_layer_cave,
          minmay_tree_intersection, uniq_josephine, uniq_rupert
Temple:   minmay_temple_bridge_abc
Lair:1:   layout_cave_pods, serial_bayou_crossing, uniq_joseph
Lair:2:   layout_big_grid, swamp_mist_pool, nicolae_spider_entry_non_spiders
Lair:3:   layout_regular_city, nzn_random_ring
Lair:4:   layout_roguey, grunt_megastairs_3, uniq_sonja
Lair:5:   layout_small_grid, uniq_snorg
Lair:6:   hellmonk_lair_end_abyssal_woods, layout_small_grid, slime_altar_1,
          infiniplex_staircase_pool
Swamp:1:  layout_falls_marsh, serial_swamp_ruin, evilmike_swamp_ruin_house_5,
          evilmike_swamp_ruin_rubble_2, evilmike_swamp_ruin_house_2, swamp_pool2
Swamp:2:  layout_falls_marsh, evilmike_swamp_ruin_house_6,
          infiniplex_staircase_pool_2
Swamp:3:  layout_falls_marsh, nicolae_swamp_fairy_circle
Swamp:4:  swamp_alternative, layout_basic_swamp, swamp_pool4
Spider:1: layout_spider_delve, hive_lemuel, uniq_mlioglotl
Spider:2: layout_spider_delve, uniq_arachne
Spider:3: layout_chambers, hangedman_spider_tarantella_strand, uniq_bai_suzhen
Spider:4: guppyfry_spider_rune
Orc:1:    layout_caves, serial_shops, shop_fountains
Orc:2:    kennysheep_orc_mage_school, layout_diamond_mine
Elf:1:    minmay_elf_arrival_circle, layout_loops_corners, serial_shops,
          bzr_entry_customers, minmay_elf_sorcery
Elf:2:    nicolae_elf_blades_splatter_lattice [nicolae_blade_entry_pointy_end],
          layout_onion_city, ebering_ghost_xom
Vaults:1: ontoclasm_vaults_eye, kennysheep_vaults_gozag_temple,
          nicolae_vaults_network_periphery, hangedman_vaults_stretched_pinwheel,
          ontoclasm_vaults_loading_screen, hangedman_vaults_hat,
          hangedman_vaults_capsules, hangedman_vaults_stretched_pinwheel,
          nicolae_vaults_theta, layout_vaults_omnigrid

Skill      XL: |  1  2  3  4  5  6  7  8  9 10 11 12 13 14 15 16 17 18 |
---------------+-------------------------------------------------------+-----
Fighting       | 4 5 6 7 8 10 11 12 13 14 15 16 | 16.7
Axes           | 3 4 5 6 7 8 9 10 11 12 13 14 15 | 15.4
Armour         | 4 5 6 7 8 9 10 11 12 13 14 | 14.5
Dodging        | 1 2 3 4 5 6 8 9 11 12 13 | 13.9
Shields        | 4 5 6 7 8 9 |  9.7
Maces & Flails | 1 2 3 5 7 8 9 11 12 13 14 | 14.8
Throwing       | 2 3 4 |  4.9
Invocations    | 1 3 5 6 7 8 9 10 11 | 11.4
Spellcasting   | 2 3 4 5 6 7 |  7.1
Stealth        | 1 2 |  2.3
Bows           | 4 6 7 8 |  8.1
Crossbows      | 1 4 6 7 |  7.1
Fire Magic     | 1 2 |  2.0
Evocations     | |  0.3

Action                   |  1- 3 |  4- 6 |  7- 9 | 10-12 | 13-15 | 16-18 || total
-------------------------+-------+-------+-------+-------+-------+-------++-------
Melee: War axe           |    35 |    22 |       |    22 |       |       ||    79
       Headbutt          |     6 |    14 |    71 |   164 |   262 |   201 ||   718
       Mace              |       |    57 |   297 |   618 |   133 |       ||  1105
       Demon whip        |       |       |       |       |   493 |       ||   493
       Great mace        |       |       |       |       |   256 |   736 ||   992
       Punch             |       |       |       |       |     9 |       ||     9
 Fire: Longbow           |       |       |       |       |   323 |   142 ||   465
Throw: Boomerang         |       |     5 |    15 |    51 |     6 |    14 ||    91
       Dart              |       |       |       |       |    30 |    60 ||    90
Invok: Slouch            |       |       |       |       |     1 |    16 ||    17
       Step From Time    |       |       |       |       |       |     2 ||     2
Evoke: Wand              |       |       |       |       |     4 |     2 ||     6
       Tin of tremorston |       |       |       |       |       |     2 ||     2
  Use: Scroll            |       |     1 |     5 |    11 |    19 |    10 ||    46
       Potion            |       |     1 |     2 |     2 |     7 |    17 ||    29
 Stab: Paralysed         |       |       |     2 |       |       |       ||     2
       Sleeping          |       |       |       |       |       |     2 ||     2
Armor: Scale mail        |    21 |     9 |       |       |       |       ||    30
       Ring mail         |       |    26 |    27 |       |       |       ||    53
       Plate armour      |       |       |   179 |   334 |   310 |   157 ||   980
       Skin              |       |       |       |       |     9 |       ||     9
       Swamp dragon scal |       |       |       |       |       |   244 ||   244
Dodge: Dodged            |    14 |    34 |   195 |   649 |   801 |  1529 ||  3222
Block: Buckler           |    13 |    17 |    73 |   229 |       |       ||   332
       Kite shield       |       |       |       |   123 |   267 |       ||   390
